Map: Abyssal Reef LE

Players

SuicideSheep

  • Race: Terran Terran
  • League: Diamond
  • Spawn Location: 11:00

iggythefisk

  • Race: Terran Terran
  • Spawn Location: 5:00

OPquelji

  • Race: Zerg Zerg
  • League: Diamond

matathemyra

  • Race: Zerg Zerg

VOD

Have the link to the VOD?

Description

Time

  • Played on: Nov. 20, 2017, 1:09 p.m.
  • Length: 9:37
Show
View Real Time Build Order
Export as new Build Order

SuicideSheep Terran 

Build Orders: Mech 

Get SALT Encoding   

  12  0:00  SCV  
  13  0:12  SCV  
  14  0:21  Supply Depot  
  14  0:25  SCV  
  15  0:43  SCV  
  15  0:48  Barracks  
  16  0:55  SCV  
  17  1:07  SCV  
  18  1:19  SCV  
  18  1:24  Command Center  
  19  1:31  SCV  
  20  1:34  Marine  
  20  1:39  Refinery  
  21  1:44  Orbital Command  
  21  1:53  Marine  
  22  2:02  Bunker  
  22  2:07  Refinery  
  22  2:09  SCV  
  23  2:23  Refinery  
  23  2:35  Orbital Command, SCV, Marine  
  25  2:42  Factory  
  24  2:47  SCV  
  25  2:53  Factory  
  25  2:59  SCV  
  25  3:02  SCV  
  27  3:11  SCV, Barracks Tech Lab  
  28  3:13  Supply Depot  
  28  3:14  SCV  
  29  3:24  SCV  
  30  3:28  Factory  
  30  3:30  SCV  
  31  3:36  Refinery  
  31  3:38  Siege Tank  
  31  3:40  Factory Tech Lab  
  34  3:43  SCV  
  34  3:45  SCV  
  36  3:55  SCV  
  37  3:58  SCV  
  38  4:03  Armory  
  38  4:07  SCV, Siege Tank  
  42  4:12  Siege Tank  
  42  4:13  Factory Reactor  
  42  4:16  SCV  
  46  4:23  Supply Depot  
  46  4:44  SCV x2, Siege Tank x2  
  54  4:53  Terran Vehicle And Ship Armor Level 1  
  54  4:57  Supply Depot  
  54  4:58  Supply Depot  
  54  5:06  Starport  
  54  5:13  SCV, Hellion x2  
  59  5:18  Siege Tank  
  59  5:19  Siege Tank  
  65  5:23  SCV  
  65  5:25  SCV  
  67  5:35  SCV, Hellion x2  
  72  5:39  Supply Depot  
  72  5:43  Starport Reactor  
  72  5:50  Thor  
  78  6:00  Thor  
  84  6:05  Hellion  
  84  6:06  Hellion  
  84  6:10  SCV  
  84  6:11  SCV  
  90  6:16  Supply Depot  
  90  6:20  Supply Depot  
  90  6:33  Hellion  
  90  6:34  Hellion  
  94  6:40  SCV x2  
  94  6:43  Siege Tank  
  99  6:52  Hellion x6  
  99  6:54  Thor  
  99  6:56  Hellion x2  
  109  7:03  Engineering Bay  
  109  7:07  Supply Depot  
  96  7:32  Thor  
  96  7:33  Viking  
  103  7:45  SCV x2  
  105  7:54  Thor  
  109  7:58  SCV  
  109  7:59  SCV  
  109  8:03  Hellion  
  111  8:15  Viking  
  111  8:17  Viking  
  109  8:21  SCV x2  
  109  8:26  Hellion  
  107  8:30  Hellion  
  100  8:47  Viking  
  100  8:48  Viking  
  104  8:50  Siege Tank  
  104  8:53  Widow Mine  
  104  8:55  Widow Mine  
  111  9:13  Missile Turret  
  111  9:19  Missile Turret  
  111  9:20  SCV  
  111  9:22  SCV  
Show
View Real Time Build Order
Export as new Build Order

iggythefisk Terran 

Build Orders:  

Get SALT Encoding   

  12  0:01  Drone  
  13  0:08  Drone  
  14  0:16  Overlord  
  14  0:35  Drone x3  
  17  0:54  Hatchery  
  17  0:57  Drone  
  17  1:11  Spawning Pool  
  17  1:13  Extractor  
  17  1:15  Drone  
  16  1:21  Drone  
  16  1:23  Drone  
  18  1:30  Overlord  
  18  1:47  Drone  
  19  1:58  Queen  
  19  2:00  Zergling x2  
  22  2:09  Drone x2  
  22  2:12  Queen  
  22  2:15  Metabolic Boost  
  26  2:18  Drone  
  26  2:21  Overlord  
  27  2:24  Drone  
  28  2:34  Drone x2  
  30  2:41  Queen  
  31  2:58  Hatchery  
  30  3:02  Drone x2  
  32  3:06  Drone x2  
  32  3:08  Drone  
  32  3:11  Drone  
  36  3:14  Zergling x2  
  36  3:15  Drone  
  38  3:25  Drone x4  
  42  3:29  Overlord  
  42  3:36  Drone  
  42  3:41  Baneling Nest  
  42  3:42  Pneumatized Carapace  
  42  3:44  Drone  
  42  3:46  Overlord  
  43  3:49  Extractor  
  43  3:50  Drone  
  43  3:51  Drone  
  44  3:59  Lair  
  44  4:16  Drone x6  
  50  4:22  Extractor, Drone x4  
  53  4:27  Zergling x6  
  53  4:31  Overlord  
  56  4:39  Roach Warren  
  56  4:41  Drone x4  
  56  4:42  Extractor, Drone  
  59  4:47  Extractor  
  58  4:52  Queen  
  60  5:04  Overseer  
  60  5:10  Evolution Chamber  
  60  5:12  Evolution Chamber  
  60  5:13  Drone x11  
  69  5:17  Spire  
  68  5:34  Overlord  
  68  5:36  Drone x5  
  68  5:41  Overlord x3  
  73  5:46  Zerg Missile Weapons Level 1, Zerg Ground Armor Level 1  
  73  5:51  Hydralisk Den  
  73  5:54  Extractor, Drone x8  
  79  6:28  Mutalisk x7  
  79  6:31  Zergling x12  
  99  6:38  Spine Crawler  
  98  6:41  Spine Crawler  
  98  6:43  Mutalisk  
  98  6:44  Mutalisk  
  98  6:45  Zergling x2  
  98  6:46  Zergling x8  
  106  6:51  Spine Crawler  
  106  6:53  Spine Crawler  
  103  6:59  Mutalisk  
  105  7:02  Overlord x2  
  105  7:03  Overlord x2  
  96  7:26  Mutalisk x5  
  96  7:28  Mutalisk  
  96  7:30  Zergling x2  
  96  7:31  Zergling x10  
  98  7:38  Mutalisk  
  98  7:40  Zergling x2  
  97  7:47  Mutalisk x2  
  97  7:57  Roach  
  97  7:58  Roach x2  
  103  8:03  Roach  
  105  8:06  Roach  
  105  8:07  Roach  
  109  8:14  Roach x2  
  109  8:15  Roach x2  
  111  8:20  Roach  
  111  8:21  Roach x6  
  111  8:26  Roach, Hatchery  
  119  8:28  Mutalisk  
  119  8:38  Mutalisk x2  
  101  8:49  Mutalisk  
  101  8:52  Mutalisk  
  95  9:01  Zergling x2  
  95  9:02  Zergling x10  
  96  9:11  Mutalisk  
Show
View Real Time Build Order
Export as new Build Order

OPquelji Zerg 

Build Orders:  

Get SALT Encoding   

Show
View Real Time Build Order
Export as new Build Order

matathemyra Zerg 

Build Orders:  

Get SALT Encoding   

Tags
 
Add a new tag
Caveats
  • Supply blocks, unpowered buildings, or Contaminate may cause inaccurate times.
  • Supply counts are checked every 10 seconds.